AoeStats
← Camborí

Arabia

509682938Analyzed
1v1 RM · 3d ago on Sep 27, 2026· 33m 27s· 2 players
Game mode
Random Map
Map size
Tiny (2 player)
Population
200
Speed
Normal
Resources
Standard
Victory
Conquest
Starting age
Dark Age
Ending age
Imperial Age
RankedLock teamsTeams togetherTeam positionsShared explorationLock speedFull tech treeHidden civsTurbo modeCheats
Victory
Defeat
🇪🇸 Magyars · Spain
1033
+17
🇨🇱 Bohemians · Chile
1048
-17
Camborí
6:04 Loom
8:58 Feudal Age
9:33 Double-Bit Axe
9:31 Horse Collar
17:43 Castle Age
15:44 Gold Mining
16:48 Bloodlines
19:12 Fletching
19:22 Padded Archer Armor
19:55 Husbandry
20:54 Wheelbarrow
21:16 Bodkin Arrow
23:13 Bow Saw
25:52 Heavy Plow
32:50 Imperial Age
32:04 Hand Cart
31:35 Town Watch
31:54 Stone Mining
32:54 Elite Skirmisher
33:39 Thumb Ring
34:02 Parthian Tactics
3TK-WilsonER
4:16 Loom
8:15 Feudal Age
8:38 Horse Collar
18:17 Castle Age
16:27 Double-Bit Axe
19:08 Heavy Plow
19:20 Bow Saw
27:02 Chemistry
26:26 Fletching
32:11 Imperial Age
31:29 Fletching
31:39 Padded Archer Armor
31:39 Scale Mail Armor
31:49 Forging
33:07 Forging
34:01 Wheelbarrow
33:11 Town Watch
Connection lost

Rejoining the realm…

Still unreachable

The connection could not be restored.

Session expired

The server has moved on; the page needs a fresh start.